 Dungeon Crawl Stone Soup version 0.28.0-49-g6dfe1f597d (webtiles) character file.

Game seed: 6788358564548872072

153 Zeld the Insei (level 5, -3/35 HPs)
             Began as an Octopode Transmuter on May 11, 2022.
             Slain by Grinder (10 damage)
             ... while paralysed by Grinder
             ... on level 3 of the Dungeon.
             The game lasted 00:03:43 (3618 turns).

Zeld the Insei (Octopode Transmuter)                Turns: 3618, Time: 00:03:44

Health: -3/35      AC:  1    Str: 11    XL:     5   Next: 35%
Magic:  9/9        EV:  2    Int: 15    God:
Gold:   72         SH:  0    Dex: 13    Spells: 3/9 levels left

rFire   . . .      SeeInvis .     - Unarmed
rCold   . . .      Faith    .   (no shield)
rNeg    . . .      Spirit   .   (helmet currently unavailable)
rPois   .          Reflect  .   (no amulet)
rElec   .          Harm     .   d - ring of flight
rCorr   .          Rampage  .   (no ring)
Will    .....                   (no ring)
Stlth   +++.......              (no ring)
HPRegen 0.11/turn               (no ring)
MPRegen 0.11/turn               (no ring)
                                (no ring)
                                (no ring)

@: paralysed, appendages (expiring), flying
A: tentacle spike 3, almost no armour, amphibious, 8 rings, camouflage 1,
gelatinous body 1, (nimble swimmer 1), tentacles
a: End Transformation


You were on level 3 of the Dungeon.
One of your tentacles had grown a beastly spike.
You visited 1 branch of the dungeon, and saw 3 of its levels.

You collected 72 gold pieces.

Inventory:

Jewellery
 d - a ring of flight (left tentacle)
Scrolls
 b - a scroll of torment {unknown}
 e - a scroll of noise {unknown}
 f - 2 scrolls of immolation {unknown}
 g - 3 scrolls of identify {unknown}
 h - a scroll of enchant armour {unknown}
 i - a scroll of magic mapping {unknown}
Potions
 a - a potion of degeneration {unknown}
 c - a potion of heal wounds {unknown}


   Skills:
 * Level 2.4 Fighting
 + Level 2.3 Dodging
 + Level 1.6 Stealth
 + Level 3.4 Unarmed Combat
 * Level 2.6 Spellcasting
 * Level 2.7 Transmutations
 + Level 0.9 Ice Magic
 + Level 1.6 Poison Magic


You had 3 spell levels left.
You knew the following spells:

 Your Spells              Type           Power      Damage    Failure   Level
a - Beastly Appendage     Tmut           20%        N/A       7%          1
b - Wereblood             Tmut           10%        N/A       10%         2
c - Spider Form           Tmut/Pois      8%         N/A       26%         3

Your spell library contained the following spells:

 Spells                   Type           Power      Damage    Failure   Level
 Magic Dart               Conj           8%         1d3       21%         1
 Call Imp                 Summ           2%         N/A       30%         2
 Mephitic Cloud           Conj/Pois/Air  3%         N/A       45%         3
 Confusing Touch          Hex            2%         N/A       52%         3
 Ice Form                 Ice/Tmut       7%         N/A       67%         4
 Alistair's Intoxication  Tmut/Pois      5%         N/A       93%         5
 Yara's Violent Unravell  Hex/Tmut       3%         3d4       97%         5
 Borgnjor's Vile Clutch   Necr/Erth      1%         N/A       99%         5
 Eringya's Noxious Bog    Tmut/Pois      4%         N/A       100%        6
 Enfeeble                 Hex            1%         N/A       100%        7


Dungeon Overview and Level Annotations

Branches:
Dungeon (3/15)

Altars:

Shops:
D:2 (

Annotations:
D:2 1 runed translucent door, Crazy Yiuf
D:3 Grinder


Innate Abilities, Weirdness & Mutations

One of your tentacles has grown a beastly spike.
You cannot wear most types of armour.
You are amphibious.
You can wear up to eight rings at the same time.
Your skin changes colour to match your surroundings (Stealth+).
Your rubbery body absorbs attacks. (AC +1, EV +1)
((You are camouflaged when in or above water. (Stealth+)))
You have tentacles for arms and can constrict up to eight enemies at once.


Message History

Your transformation is almost over.
Your tentacle spike disappears.
Found a cloak.
No target in view!
A hobgoblin comes into view.
A hobgoblin is nearby!
Casting: Beastly Appendage (safe; 7% risk of failure)
Confirm with . or Enter, or press ? or * to list all spells.
One of your tentacles grows a vicious spike.
The hobgoblin shouts!
The hobgoblin hits you.
You barely miss the hobgoblin. You grab the hobgoblin.
You squeeze the hobgoblin, but do no damage.
You constrict the hobgoblin, but do no damage.
The hobgoblin hits you.
You tentacle-slap the hobgoblin.
You pierce the hobgoblin, but do no damage.
The hobgoblin is heavily wounded.
You constrict the hobgoblin, but do no damage.
The hobgoblin closely misses you.
Grinder comes into view.
You completely miss the hobgoblin.
You pierce the hobgoblin, but do no damage.
You squeeze the hobgoblin.
You kill the hobgoblin!
Grinder blinks!
Grinder is nearby!
Grinder is nearby!
Grinder blinks!
Grinder says, "My boss said I was rubbish.
His entrails said otherwise."
Grinder hits you! Grinder hits you.
Grinder says, "You look like you could use a good racking."
Your transformation is almost over.
Grinder gestures at you.
You suddenly lose the ability to move!
Grinder hits you!
You writhe in agony.
* * * LOW HITPOINT WARNING * * *
Grinder hits you!
You die...

#......##....#
#......##....#
#####...[..##....#
...............>.#
####.
.................#
#....
#####..[........#
#...# ##............#
#...#
###.........#.###
#...####@..#.......#.#
#..##.5.###.#####.#..
##.##.### #.# #.###.
##[....# #.# #(## #.
#...#### #.# #.<# #.
#.#.# #.# ##)## #..#.#
.# #..# #.##.# ##.# ..
#.# #.#


You could see Grinder.

Vanquished Creatures
  A hound (D:3)
  4 gnolls (D:2)
  2 adders
  A worm (D:2)
  2 dart slugs (D:2)
  2 orcs (D:3)
  5 bats
  8 endoplasms
  2 giant cockroaches (D:1)
  7 goblins
  4 hobgoblins
  4 jackals
  2 kobolds (D:1)
  6 ball pythons
  4 frilled lizards
  5 rats
59 creatures vanquished.

Notes
Turn   | Place    | Note
-------+----------+-------------------------------------------
     0 | D:1      | Zeld the Octopode Transmuter began the quest for the Orb.
     0 | D:1      | Reached XP level 1. HP: 13/13 MP: 3/3
   193 | D:1      | Reached XP level 2. HP: 17/18 MP: 3/5
   244 | D:1      | Learned a level 2 spell: Wereblood
   998 | D:1      | Found a faded altar of an unknown god.
  1062 | D:1      | Reached XP level 3. HP: 24/24 MP: 4/6
  1066 | D:1      | Learned a level 3 spell: Spider Form
  1110 | D:1      | Reached skill level 1 in Poison Magic
  1574 | D:2      | Reached skill level 1 in Stealth
  1887 | D:2      | Found a runed translucent door.
  1888 | D:2      | Noticed Crazy Yiuf
  2331 | D:2      | Found Tosausonu's Weapon Boutique.
  2422 | D:2      | Reached XP level 4. HP: 29/29 MP: 7/7
  3260 | D:3      | Reached XP level 5. HP: 7/35 MP: 3/8
  3606 | D:3      | Noticed Grinder
  3615 | D:3      | Paralysed by Grinder for 6 turns
  3618 | D:3      | Slain by Grinder

Illustrated notes

Levels and vault maps discovered:
D:1:      erik_arrival_cave_to_civilisation [erik_arrival_cave_to_hall],
          layout_loops_corners, hellmonk_ecumenical_altar_crossroads
D:2:      layout_loops_corners, serial_shops, shop, minmay_misc_feat_room,
          chequers_serial_rivers_micro_a, uniq_crazy_yiuf_cottage
D:3:      layout_rooms, uniq_grinder

Skill      XL: |  1  2  3  4 |
---------------+-------------+-----
Poison Magic   | 1 |  1.6
Stealth        | 1 |  1.6
Fighting       | 2 |  2.4
Dodging        | |  2.3
Unarmed Combat | |  3.4
Spellcasting   | |  2.6
Transmutations | |  2.7
Ice Magic      | |  0.9

Action                   |  1- 3 |  4- 6 || total
-------------------------+-------+-------++-------
Melee: Unarmed           |    74 |    41 ||   115
       Constrict         |    19 |     7 ||    26
       Kick              |    21 |     7 ||    28
       Tentacles         |    10 |     8 ||    18
       Punch             |     3 |       ||     3
 Cast: Beastly Appendage |    31 |     9 ||    40
       Wereblood         |     1 |       ||     1
       Spider Form       |       |     3 ||     3
 Stab: Sleeping          |    13 |     2 ||    15
Armor: Skin              |     5 |     1 ||     6
Dodge: Dodged            |    38 |    36 ||    74
